AoeStats
← :)

Arabia

507882369Analyzed
4v4 RM · 13d ago on Sep 20, 2026· 30m 21s· 8 players
Game mode
Random Map
Map size
Large (8 player)
Population
200
Speed
Normal
Resources
Standard
Victory
Conquest
Starting age
Dark Age
Ending age
Imperial Age
RankedLock teamsTeams togetherTeam positionsShared explorationLock speedFull tech treeHidden civsTurbo modeCheats
Victory
Defeat
🇹🇼 Magyars · Taiwan
1328
+17
🇵🇱 Britons · Poland
1245
+21
🇹🇼 Persians · Taiwan
1244
+21
🇹🇼 Ethiopians · Taiwan
1220
+22
🇧🇷 Vietnamese · Brazil
1379
-21
🇦🇷 Burgundians · Argentina
1372
-21
🇦🇷 Franks · Argentina
1340
-20
🇦🇷 Ethiopians · Argentina
1318
-19
:)
6:53 Loom
9:53 Feudal Age
11:27 Double-Bit Axe
LVDB_Curandero
6:06 Loom
9:38 Feudal Age
10:09 Double-Bit Axe
16:37 Scale Barding Armor
19:04 Forging
23:08 Castle Age
22:19 Gold Mining
24:14 Chain Barding Armor
24:47 Husbandry
l3av3x
0:56 Loom
12:50 Feudal Age
13:30 Double-Bit Axe
13:10 Man-at-Arms
15:10 Padded Archer Armor
15:01 Horse Collar
15:49 Fletching
25:09 Castle Age
23:54 Scale Mail Armor
24:51 Gold Mining
25:22 Crossbowman
25:58 Bodkin Arrow
27:04 Leather Archer Armor
29:43 Bow Saw
Lord_Wilfredo
3:47 Loom
11:04 Feudal Age
11:51 Double-Bit Axe
14:35 Forging
15:30 Scale Barding Armor
24:36 Castle Age
24:40 Cavalier
26:00 Chain Barding Armor
橋本真也
6:48 Loom
9:02 Feudal Age
18:11 Scale Barding Armor
19:23 Forging
21:40 Double-Bit Axe
26:37 Horse Collar
31:46 Castle Age
29:42 Gold Mining
30:26 Bloodlines
andyz070300
5:52 Loom
8:59 Feudal Age
12:27 Forging
12:53 Fletching
22:08 Castle Age
21:30 Padded Archer Armor
21:32 Horse Collar
21:39 Double-Bit Axe
21:46 Gold Mining
22:25 Crossbowman
23:05 Bodkin Arrow
28:54 Bow Saw
30:13 Heavy Plow
小小財
6:14 Loom
9:01 Feudal Age
9:46 Double-Bit Axe
16:06 Scale Barding Armor
16:22 Horse Collar
22:56 Castle Age
21:41 Bloodlines
23:07 Light Cavalry
26:38 Chain Barding Armor
29:36 Gold Mining
Borowik
9:53 Loom
12:24 Feudal Age
19:57 Castle Age
23:23 Double-Bit Axe
23:41 Horse Collar
25:03 Heavy Plow
28:31 Bow Saw
Connection lost

Rejoining the realm…

Still unreachable

The connection could not be restored.

Session expired

The server has moved on; the page needs a fresh start.